 Dungeon Crawl Stone Soup version 0.27-a0-732-ga892ba84f6 (webtiles) character file.

Game seed: 11676010687805188280

60 AtlasWard the Insei (level 4, 33/33 HPs)
             Began as a Djinni Transmuter on Mar 23, 2021.
             Quit the game on level 2 of the Dungeon on Mar 25, 2021.
             The game lasted 00:05:35 (2967 turns).

AtlasWard the Insei (Djinni Transmuter)             Turns: 2967, Time: 00:05:35

Health: 33/33      AC:  2    Str: 10    XL:     4   Next: 6%
Magic:  0/0        EV: 12    Int: 15    God:
Gold:   105        SH:  0    Dex: 13    Spells: 0/7 levels left

rFire    + + .     SeeInvis .     - Unarmed
rCold    x . .     Faith    .   (no shield)
rNeg     . . .     Spirit   .   a - +0 robe
rPois    ∞         Reflect  .   (no helmet)
rElec    .         Harm     .   (no cloak)
rCorr    .         Rampage  .   (no gloves)
Will     .....                  (boots unavailable)
Stlth    +.........             (no amulet)
HPRegen  0.11/turn              (no ring)
MPRegen  0.00/turn              (no ring)

@: flying
A: fire resistance 2, cold vulnerability 1, float, innate caster, hp casting,
extra vitality 1
a: no special abilities


You were on level 2 of the Dungeon.
You visited 1 branch of the dungeon, and saw 2 of its levels.

You collected 105 gold pieces.

Inventory:

Armour
 a - a +0 robe (worn)
Scrolls
 b - 2 scrolls of noise {unknown}
 c - a scroll of teleportation {unknown}
 d - 2 scrolls of identify {unknown}
 e - a scroll of fear {unknown}
 f - a scroll of enchant armour {unknown}
 g - a scroll of random uselessness {unknown}


   Skills:
 + Level 2.0 Fighting
 + Level 3.0 Dodging
 + Level 3.4 Unarmed Combat
 + Level 2.3 Spellcasting


You couldn't memorise any spells.
You knew the following spells:

 Your Spells              Type           Power      Damage    Failure   Level
a - Beastly Appendage     Tmut           16%        N/A       9%          1
b - Wereblood             Tmut           8%         N/A       13%         2
c - Spider Form           Tmut/Pois      4%         N/A       26%         3
d - Ice Form              Ice/Tmut       8%         N/A       63%         4
e - Blade Hands           Tmut           4%         N/A       93%         5
f - Shock                 Conj/Air       32%        1d5       9%          1
Your spell library was empty.

Dungeon Overview and Level Annotations

Branches:
Dungeon (2/15)

Altars:


Innate Abilities, Weirdness & Mutations

You are immune to poison.
Your flesh is very heat resistant. (rF++)
You are vulnerable to cold. (rC-)
You float through the air rather than walking.
You learn spells naturally, not from books.
Your magical power is your life essence.
You have superior vitality. (+4 HP)


Message History

The ball python bites you but does no damage.
The ball python barely misses you.
You hit the ball python.
You kill the ball python!
The hobgoblin shouts!
You hit the hobgoblin.
The hobgoblin is moderately wounded.
The hobgoblin hits you but does no damage.
You hit the hobgoblin.
The hobgoblin is almost dead.
The hobgoblin hits you.
You hit the hobgoblin.
You kill the hobgoblin!
Your Dodging skill increases to level 3!
No target in view!
No target in view!
No target in view!
HP restored.
You now have 105 gold pieces (gained 7).
A ball python comes into view.
A ball python is nearby!
A ball python is nearby!
A ball python is nearby!
A ball python is nearby!
The helpless ball python fails to defend itself.
You hit the ball python.
You kill the ball python!
No target in view!
No target in view!
No target in view!
No target in view!
Found an escape hatch in the floor.
There is an escape hatch in the floor here.
A ball python comes into view.
A ball python is nearby!
A ball python is nearby!
Unknown command.
Unknown command.
Unknown command.
Are you sure you want to abandon this character and quit the game? (Confirm with "yes".)

# ### .#.... ###..S..# #...
..# #.......# ....###.# #@#
#.....#.# #.# #.....#.# #.#
#.#.....## #># #.#......
#.######## #.......#
#........# #.# #÷#
########.###
#######.###÷########......#
..................>#.##.#.#


You could see a ball python (asleep).

Vanquished Creatures
  An adder (D:2)
  A worm (D:2)
  3 dart slugs (D:1)
  5 ball pythons
  5 hobgoblins
  4 jackals (D:1)
  3 oozes
  3 quokkas (D:1)
  7 bats
  2 frilled lizards
  5 kobolds
  3 rats
42 creatures vanquished.

Notes
Turn   | Place    | Note
-------+----------+-------------------------------------------
     0 | D:1      | AtlasWard the Djinni Transmuter began the quest for the
                  | Orb.
     0 | D:1      | Reached XP level 1. HP: 17/17 MP: 0/0
   542 | D:1      | Reached XP level 2. HP: 12/22 MP: 0/0
  1056 | D:1      | Reached XP level 3. HP: 5/27 MP: 0/0
  1056 | D:1      | Learned a level 1 spell: Shock
  2267 | D:2      | Found a faded altar of an unknown god.
  2846 | D:2      | Reached XP level 4. HP: 33/33 MP: 0/0
  2967 | D:2      | Quit the game

Illustrated notes

Levels and vault maps discovered:
D:1:      dpeg_arrival_castle, layout_basic, dk_noncrumbling_4, minmay_quantized
D:2:      layout_basic, nzn_hepliaklqana_mist_gate,
          chequers_ecumenical_altar_simple_redux

Skill      XL: |  1  2  3  4 |
---------------+-------------+-----
Spellcasting   | 2 |  2.3
Fighting       | 2 |  2.0
Dodging        | 3 |  3.0
Unarmed Combat | |  3.4

Action                   |  1- 3 |  4- 6 || total
-------------------------+-------+-------++-------
Melee: Unarmed           |   149 |     6 ||   155
       Headbutt          |     7 |       ||     7
 Cast: Beastly Appendage |     9 |       ||     9
 Stab: Sleeping          |     1 |     2 ||     3
Armor: Robe              |    23 |     2 ||    25
Dodge: Dodged            |    99 |     2 ||   101

Table legend: (Time is in decaauts)
 A = Elapsed time spent in this place.
 B = Non-inter-level travel time spent in this place.
 C = Inter-level travel time spent in this place.
 D = Time resting spent in this place.
 E = Time spent auto-exploring this place.
 F = Levels seen in this place.
 G = Mean time per level.
                   A        B        C        D        E       F      G
               +--------+--------+--------+--------+--------+-----+--------+
         Total |   2957 |   2901 |     56 |      0 |   2585 |   2 | 1478.5 |
       Dungeon |   2957 |   2901 |     56 |      0 |   2585 |   2 | 1478.5 |
               +--------+--------+--------+--------+--------+-----+--------+

Top non-repeatable levels by time:
     D:1: 1968 daAuts
     D:2: 988 daAuts
